 Dungeon Crawl Stone Soup version 0.22-a0-553-g9358b0b (webtiles) character file.

573 Mgcat the Cleaver (level 7, -2/56 HPs)
             Began as a Hill Orc Gladiator on June 25, 2018.
             Slain by an ogre
             ... wielding a +0 giant club
              (8 damage)
             ... on level 4 of the Dungeon.
             The game lasted 00:09:31 (3787 turns).

Mgcat the Cleaver (Hill Orc Gladiator)              Turns: 3787, Time: 00:09:32

Health: -2/56      AC:  7    Str: 19    XL:     7   Next: 34%
Magic:  7/7        EV: 11    Int:  8    God:
Gold:   116        SH:  0    Dex: 12    Spells: 6/6 levels left

rFire    . . .     SeeInvis .   a - +0 war axe
rCold    . . .     Gourm    .   (no shield)
rNeg     + . .     Faith    .   j - +0 ring mail
rPois    +         Spirit   .   i - +2 hat
rElec    .         Reflect  .   (no cloak)
rCorr    .         Harm     .   (no gloves)
MR       .....                  (no boots)
Stlth    +.........             (no amulet)
HPRegen  0.18/turn              h - ring of poison resistance {rPois, !d}
MPRegen  0.10/turn              m - ring of positive energy {rN+}

@: no status effects
A: no striking features
a: Convert to Beogh


You were on level 4 of the Dungeon.
You were not hungry.

You visited 1 branch of the dungeon, and saw 4 of its levels.

You collected 116 gold pieces.

Inventory:

Hand Weapons
 a - a +0 war axe (weapon)
Missiles
 d - 3 throwing nets {=f, !d}
Armour
 i - a +2 hat (worn)
   (You found it on level 1 of the Dungeon)
 j - a +0 ring mail (worn)
   (You found it on level 1 of the Dungeon)
Jewellery
 h - a ring of poison resistance (left hand) {rPois, !d}
   (You found it on level 1 of the Dungeon)
 m - a ring of positive energy (right hand) {rN+}
   (You found it on level 2 of the Dungeon)
 t - an uncursed ring of flight {+Fly, !d}
   (You found it on level 2 of the Dungeon)
Scrolls
 b - 2 scrolls of identify {unknown}
 e - 5 scrolls of enchant weapon {unknown}
 k - a scroll of random uselessness {unknown}
 l - 2 scrolls of remove curse {unknown}
 r - 7 scrolls of teleportation {unknown}
 u - 2 scrolls of amnesia {unknown}
 v - a scroll of enchant armour {unknown}
Potions
 c - a potion of flight
 n - 2 potions of haste {unknown}
 o - a potion of heal wounds
 p - 3 potions of curing {unknown}
 q - a potion of mutation {unknown}
 s - a potion of might {unknown}
Comestibles
 f - 8 rations


   Skills:
 - Level 2.4 Fighting
 + Level 10.6 Axes
 - Level 1.7 Throwing
 - Level 2.4 Dodging


You had 6 spell levels left.
You didn't know any spells.
Your spell library was empty.

Dungeon Overview and Level Annotations

Branches:
Dungeon (4/15)
 Temple: D:4-7

Altars:
Makhleb
Trog
Zin

Annotations:
D:4 2 runed doors, gmonis's ghost, amateur DrFE


Message History

Found a stone staircase leading up.
Gmonis's ghost turns its malevolent gaze towards you.
Key pressed, stopping explore.
Unknown command.
There is a stone staircase leading up here.
You climb upwards.
There is a stone staircase leading down here.
You climb downwards.
Level annotation: 1 runed door, gmonis's ghost, amateur DrFE
There is a stone staircase leading up here.
Gmonis's ghost says, "Don't worry, you'll be warm in a moment."
There is a stone staircase leading up here.
You now have 116 gold pieces (gained 7).
You see here 16 stones.
Found a stone staircase leading down.
There is a stone staircase leading down here.
Key pressed, stopping explore.
Unknown command.
You found a teleport trap!
You see here 16 stones.
Wear which item? (? for menu, Esc to quit)
Okay, then.
Unknown command.
Unknown command.
Unknown command.
A frilled lizard and an adder come into view.
The frilled lizard hisses angrily.
The adder hisses angrily.
The frilled lizard bites you but does no damage.
You hit the frilled lizard.
You kill the frilled lizard!
The adder bites you.
You are poisoned.
The adder poisons you!
You closely miss the adder.
You feel sick. The adder barely misses you.
You slash the adder!
You kill the adder!
No target in view!
No target in view!
You feel sick.
You feel sick.
Key pressed, stopping explore.
You feel sick.
You feel sick.
You feel sick.
You are no longer poisoned.
An iguana comes into view.
The iguana hisses angrily.
Found a stone staircase leading down.
The iguana barely misses you.
You hit the iguana.
The iguana is moderately wounded.
The iguana closely misses you.
You slash the iguana!
You kill the iguana!
No target in view!
No target in view!
HP restored.
You butcher the iguana corpse.
g - a chunk of flesh {@w0}
Found a stone staircase leading up.
No target in view!
Eating a chunk of flesh {@w0}.
You eat the chunk of flesh {@w0}.
This raw flesh tastes terrible.
p - 3 cyan potions (gained 1) 2 orcs and an ogre come into view.
An orc is wielding a short sword of holy wrath.
The orc shouts!
The ogre shouts!
You hear a shout!
Unknown command.
An orc comes into view. It is wielding a short sword.
The orc shouts!
An orc priest comes into view. It is wielding a club.
You slash the ogre!
The ogre is moderately wounded.
The ogre hits you with a giant club!!
You hit the ogre.
The ogre is heavily wounded.
You hit the ogre.
The ogre is severely wounded.
The orc priest looks braver for a moment.
The ogre hits you with a giant club.
You barely miss the ogre.
The ogre is severely wounded.
The ogre misses you.
You slash the ogre!
The ogre is almost dead.
The ogre misses you.
You completely miss the ogre.
The ogre is almost dead.
You barely miss the ogre.
The ogre is almost dead.
The ogre misses you.
You hit the ogre.
The ogre is almost dead.
The orc priest looks braver for a moment.
The ogre hits you with a giant club!!
* * * LOW HITPOINT WARNING * * *
You barely miss the ogre.
The ogre is almost dead.
The ogre hits you with a giant club!
You die...

### #######.#
#.......#
#.#####.# #.#
#.# #.# #.#
######
########.#.#.#.#
#.....
..ooooO@.....#.#
#.....
########.###.#.#
#..... <... #.#
#.....
##############.#
#..... .......
..#.# #.....
###.....###
#.#.# #.....
......... #.#.#
###### #.....###
#.#.#
#.......#.#.#.#


You could see an ogre, an orc priest and 3 orcs.

Vanquished Creatures
  A sky beast (D:4)
  An ogre (D:4)
  An orc priest (D:4)
  A jelly (D:4)
  2 orc wizards
  An iguana (D:4)
  7 gnolls
  10 adders
  A worm (D:2)
  2 dart slugs
  A leopard gecko (D:1)
  8 orcs
  2 ball pythons
  8 bats
  2 giant cockroaches
  11 goblins
  10 hobgoblins
  7 jackals
  A quokka (D:3)
  5 frilled lizards
  8 kobolds
  10 rats
100 creatures vanquished.

Notes
Turn   | Place    | Note
-------+----------+-------------------------------------------
     0 | D:1      | Mgcat the Hill Orc Gladiator began the quest for the Orb.
     0 | D:1      | Reached XP level 1. HP: 18/18 MP: 1/1
    65 | D:1      | Reached XP level 2. HP: 21/25 MP: 2/2
   168 | D:1      | Reached skill level 5 in Axes
   443 | D:1      | Reached XP level 3. HP: 27/30 MP: 3/3
  1036 | D:2      | Reached skill level 6 in Axes
  1154 | D:2      | Reached XP level 4. HP: 31/37 MP: 4/4
  1168 | D:2      | HP: 8/37 [gnoll (4)]
  1553 | D:2      | HP: 9/37 [gnoll/spear (4)]
  1557 | D:1      | Reached skill level 7 in Axes
  1890 | D:2      | Reached XP level 5. HP: 29/42 MP: 5/5
  2060 | D:2      | Found a bloodstained altar of Trog.
  2060 | D:2      | Found a glowing silver altar of Zin.
  2534 | D:3      | Reached skill level 8 in Axes
  2641 | D:3      | Found a burning altar of Makhleb.
  2844 | D:3      | Reached XP level 6. HP: 44/50 MP: 6/6
  3071 | D:3      | Reached skill level 9 in Axes
  3178 | D:4      | Noticed a sky beast
  3197 | D:4      | Killed a sky beast
  3197 | D:4      | Reached skill level 10 in Axes
  3197 | D:4      | Reached XP level 7. HP: 49/56 MP: 7/7
  3574 | D:4      | Found a runed door.
  3578 | D:4      | Noticed gmonis's ghost (amateur DrFE)
  3649 | D:4      | Found a runed door.
  3786 | D:4      | HP: 6/56 [ogre/giant club (23)]
  3787 | D:4      | Slain by an ogre

Vault maps used:
D:1:      nzn_arrival_water_spiral, serial_forest,
          infiniplex_forest_clump_cross, infiniplex_forest_corner_1,
          infiniplex_forest_end_3, infiniplex_forest_end_double,
          infiniplex_forest_lined_2, infiniplex_forest_clump_cross
D:2:      chequers_temple_overflow_statue_of_worship, nrook_loot_triangle,
          minivault_24
D:3:      minmay_door_path, nicolae_overflow_hidden_temple, first_ration
D:4:      nemelex_altar_shiori, ebering_ghost_sewer_f, kennysheep_generic_room_8

Skill      XL: |  1  2  3  4  5  6 |
---------------+-------------------+-----
Axes           | 5 6 7 8 10 | 10.6
Fighting       | |  2.4
Throwing       | |  1.7
Dodging        | |  2.4

Action                   |  1- 3 |  4- 6 |  7- 9 || total
-------------------------+-------+-------+-------++-------
Melee: War axe           |    99 |   191 |    36 ||   326
  Use: Potion            |       |     2 |     1 ||     3
 Stab: Invisible         |       |     1 |       ||     1
  Eat: Chunk             |     1 |     7 |     2 ||    10
Armor: Leather armour    |    18 |       |       ||    18
       Ring mail         |    15 |    85 |     9 ||   109
Dodge: Dodged            |    55 |   120 |     9 ||   184

Table legend:
 A = Spawn XP
 B = Non-spawn XP
 C = Spawn XP percentage of total XP
 D = Spawn monster count
 E = Non-spawn monster count
 F = Spawn count percentage of total count
 G = Total turns spent on level
                    A         B        C        D         E        F      G
               +---------+---------+-------+---------+---------+-------+---------
         Total |       0 |     819 |   0.0 |       0 |     100 |   0.0 |  3787
               +---------+---------+-------+---------+---------+-------+---------
           D:1 |       0 |      75 |   0.0 |       0 |      28 |   0.0 |  1464
           D:2 |       0 |     133 |   0.0 |       0 |      27 |   0.0 |   969
           D:3 |       0 |     178 |   0.0 |       0 |      34 |   0.0 |   706
           D:4 |       0 |     433 |   0.0 |       0 |      11 |   0.0 |   648
               +---------+---------+-------+---------+---------+-------+---------

Vault maps used:
D:1:      nzn_arrival_water_spiral, serial_forest,
          infiniplex_forest_clump_cross, infiniplex_forest_corner_1,
          infiniplex_forest_end_3, infiniplex_forest_end_double,
          infiniplex_forest_lined_2, infiniplex_forest_clump_cross
D:2:      chequers_temple_overflow_statue_of_worship, nrook_loot_triangle,
          minivault_24
D:3:      minmay_door_path, nicolae_overflow_hidden_temple, first_ration
D:4:      nemelex_altar_shiori, ebering_ghost_sewer_f, kennysheep_generic_room_8

Table legend:
 A = Turns spent in this place as a percentage of turns spent in the entire game.
 B = Non-inter-level travel turns spent in this place as a percentage of non-inter-level travel turns spent in the entire game.
 C = Inter-level travel turns spent in this place as a percentage of turns spent in this place.
 D = Turns resting spent in this place as a percentage of non-inter-level travel turns spent in this place.
 E = Turns spent auto-exploring this place as a percentage of non-inter-level travel turns spent in this place.
 F = Non-inter-level travel turns spent in this place divided by the number of levels of this place that you've seen.
                   A       B       C       D       E      F
               +-------+-------+-------+-------+-------+----------------------
         Total | 100.0 | 100.0 |   1.7 |   6.3 |  74.1 | 930.2
       Dungeon | 100.0 | 100.0 |   1.7 |   6.3 |  74.1 | 930.2
               +-------+-------+-------+-------+-------+----------------------

Table legend:
 A = Kills in this place as a percentage of kills in entire the game.
 B = Kills by you in this place as a percentage of kills by you in the entire game.
 C = Kills by friends in this place as a percentage of kills by friends in the entire game.
 D = Other kills in this place as a percentage of other kills in the entire game.
 E = Experience gained in this place as a percentage of experience gained in the entire game.
 F = Experience gained in this place divided by the number of levels of this place that you have seen.
                   A       B       C       D       E      F
               +-------+-------+-------+-------+-------+----------------------
         Total | 100.0 | 100.0 |   N/A |   N/A | 100.0 | 204.8
       Dungeon | 100.0 | 100.0 |   N/A |   N/A | 100.0 | 204.8
               +-------+-------+-------+-------+-------+----------------------
